 Dungeon Crawl Stone Soup version 0.27-a0-1191-g601b473118 (webtiles) character file.

Game seed: 12494646267945705306

49 spiderkeys the Chopper (level 3, 0/34 HPs)
             Began as a Hill Orc Monk on May 24, 2021.
             Slain by a worm (6 damage)
             ... on level 2 of the Dungeon.
             The game lasted 00:02:10 (1882 turns).

spiderkeys the Chopper (Hill Orc Monk)              Turns: 1882, Time: 00:02:11

Health: 0/34       AC:  3    Str: 14    XL:     3   Next: 77%
Magic:  3/3        EV: 12    Int: 10    God:
Gold:   23         SH:  0    Dex: 13    Spells: 2/2 levels left

rFire    . . .     SeeInvis .   a - +0 hand axe
rCold    . . .     Faith    .   (no shield)
rNeg     . . .     Spirit   .   j - +0 leather armour
rPois    .         Reflect  .   (no helmet)
rElec    .         Harm     .   (no cloak)
rCorr    .         Rampage  .   (no gloves)
Will     .....                  (no boots)
Stlth    ++........             (no amulet)
HPRegen  0.11/turn              (no ring)
MPRegen  0.08/turn              (no ring)

@: no status effects
A: no striking features
a: no special abilities


You were on level 2 of the Dungeon.
You visited 1 branch of the dungeon, and saw 2 of its levels.

You collected 42 gold pieces.
You spent 19 gold pieces at shops.


   Skills:
 + Level 4.3 Fighting
 + Level 4.8 Axes
 + Level 1.9 Armour
 - Level 2.4 Dodging
 - Level 1.5 Stealth


You had 2 spell levels left.
You didn't know any spells.
Your spell library was empty.

Inventory:

Hand Weapons
 a - a +0 hand axe (weapon)
Missiles
 d - 5 stones (quivered)
 h - 16 sling bullets
Armour
 b - a +0 robe
 j - a +0 leather armour (worn)
   (You found it on level 1 of the Dungeon)
Scrolls
 f - a scroll of fog
Potions
 e - a potion of attraction {unknown}
 i - a potion of invisibility {unknown}

Dungeon Overview and Level Annotations

Branches:
Dungeon (2/15)

Altars:

Shops:
D:1

* #####.# #.....#
#+# #.#####
##.#### #.#
#...... #.#
#..###. #.#
##.†.##. #.#
#.....#. #.#
#####......
#@######(.......#.
#.w.(((((###.####.
########## #)####.
#...... #######


You could see a worm.


Message History

A worm comes into view.
An endoplasm comes into view.
The rat bites you but does no damage.
You hit the rat.
You kill the rat!
The endoplasm quivers.
Found a stone staircase leading down.
You hit the worm. You hit the endoplasm. The worm bites you. 😕 HP[-1]
You take 1 damage, and now have 33/34 hp.
You hit the endoplasm. You hit the worm but do no damage.
The endoplasm freezes you.
You are frozen.
The worm closely misses you.
The endoplasm barely misses you. 😕 HP[-5]
You take 5 damage, and now have 28/34 hp.
You hit the endoplasm but do no damage. You hit the worm.
The endoplasm hits you but does no damage.
You hit the endoplasm.
You kill the endoplasm!
You barely miss the worm. The worm bites you but does no damage.
You hit the worm but do no damage. The worm bites you! 😮 HP[-8]
You take 8 damage, and now have 20/34 hp.
MASSIVE DAMAGE!! (PAUSE)
You hit the worm. 😮 HP[+1]
Your leather armour prevents you from hitting the worm.
The worm barely misses you.
You hit the worm. You barely miss the worm. The worm bites you!
* * * LOW HITPOINT WARNING * * *
😨 HP[-7]
You take 7 damage, and now have 14/34 hp.
MASSIVE DAMAGE!! (PAUSE)
You hit the worm. The worm bites you!
* * * LOW HITPOINT WARNING * * *
😱 HP[-7]
You take 7 damage, and now have 7/34 hp.
MASSIVE DAMAGE!! (PAUSE)
You see here 17 gold pieces. 😱 HP[+1] 😨 HP[+1] 😨 HP[+1]
A worm is nearby! 😨 HP[+1]
You are too injured to fight recklessly!
You are too injured to fight recklessly!
Throw: 14 stones
Press: ? - help, Shift-Dir - straight line, f - worm
Aim: a worm (78% to hit)
You throw a stone.
The stone hits the worm but does no damage.
Throw: 13 stones
Press: ? - help, Shift-Dir - straight line, f/p - worm
Aim: a worm (78% to hit)
You throw a stone. The stone hits the worm.
Throw: 12 stones
Press: ? - help, Shift-Dir - straight line, f/p - worm
Aim: a worm (78% to hit)
You throw a stone. The stone hits the worm.
Throw: 11 stones
Press: ? - help, Shift-Dir - straight line, f/p - worm
Aim: a worm (78% to hit)
You throw a stone. The stone hits the worm.
Okay, then.
Drop what? 8/52 slots (_ for help) (? for menu, Esc to quit)
Okay, then.
Throw: 10 stones
Press: ? - help, Shift-Dir - straight line, f/p - worm
Aim: a worm (lightly wounded, 78% to hit)
You throw a stone.
The stone hits the worm but does no damage.
Throw: 9 stones
Press: ? - help, Shift-Dir - straight line, f/p - worm
Aim: a worm (lightly wounded, 78% to hit)
You throw a stone.
The stone hits the worm. 😨 HP[+1] Throw: 8 stones
Press: ? - help, Shift-Dir - straight line, f/p - worm
Aim: a worm (lightly wounded, 78% to hit)
You throw a stone. The stone barely misses the worm.
Throw: 7 stones
Press: ? - help, Shift-Dir - straight line, f/p - worm
Aim: a worm (lightly wounded, 78% to hit)
You throw a stone.
The stone hits the worm but does no damage.
Throw: 6 stones
Press: ? - help, Shift-Dir - straight line, f/p - worm
Aim: a worm (78% to hit)
You throw a stone. The stone barely misses the worm.
You hit the worm but do no damage. You barely miss the worm.
The worm misses you.
You hit the worm. You barely miss the worm. The worm bites you!
* * * LOW HITPOINT WARNING * * *
😱 HP[-7]
You take 7 damage, and now have 5/34 hp.
MASSIVE DAMAGE!! (PAUSE)
The worm bites you.
You die...

Skill      XL: |  1  2 |
---------------+-------+-----
Armour         | 1 |  1.9
Fighting       | 4 |  4.3
Axes           | |  4.8
Dodging        | |  2.4
Stealth        | |  1.5

Action                   || total
-------------------------++-------
Melee: Hand axe          ||   100
Throw: Stone             ||     9
  Use: Scroll            ||     3
 Stab: Sleeping          ||     2
Armor: Robe              ||     3
       Leather armour    ||    15
Dodge: Dodged            ||    55

Levels and vault maps discovered:
D:1:      roderic_dead_forest, layout_loops_cross, serial_shops,
          nicolae_shop_temple_entry_statues_fountains, nicolae_shop_waterfront,
          minivault_11, grunt_decor_one_mirror
D:2:      layout_loops_corners

Notes
Turn   | Place    | Note
-------+----------+-------------------------------------------
     0 | D:1      | spiderkeys the Hill Orc Monk began the quest for the Orb.
     0 | D:1      | Reached XP level 1. HP: 19/19 MP: 1/1
     0 | D:1      | magus.rc [v1.9.10]
   280 | D:1      | Reached XP level 2. HP: 26/27 MP: 2/2
   295 | D:1      | Reached skill level 1 in Armour
   485 | D:1      | Reached skill level 4 in Fighting
  1078 | D:1      | Found Vume's Assorted Antiques.
  1090 | D:1      | Found Leficiq's Armour Shop.
  1098 | D:1      | Reached XP level 3. HP: 21/33 MP: 3/3
  1098 | D:1      | Bought a scroll labelled ONODIASUZI for 19 gold pieces
  1369 | D:2      | HP: 8/33 [adder (2)]
  1833 | D:2      | HP: 7/34 [worm (7)]
  1881 | D:2      | HP: 5/34 [worm (7)]
  1882 | D:2      | Slain by a worm

Vanquished Creatures
  2 adders (D:2)
  A dart slug (D:1)
  A ball python (D:1)
  4 endoplasms
  A giant cockroach (D:1)
  4 goblins
  2 hobgoblins (D:1)
  A kobold (D:1)
  2 quokkas (D:1)
  2 bats (D:1)
  3 frilled lizards
  5 rats
28 creatures vanquished.

Table legend:
 A = Non-vault XP
 B = Vault XP
 C = Vault XP percentage of total XP
 D = Non-vault monster count
 E = Vault monster count
 F = Vault count percentage of total count
                 A         B        C        D         E       F
            +---------+---------+-------+---------+---------+-------
      Total |      71 |       0 |   0.0 |      28 |       0 |   0.0
            +---------+---------+-------+---------+---------+-------
        D:1 |      34 |       0 |   0.0 |      19 |       0 |   0.0
        D:2 |      37 |       0 |   0.0 |       9 |       0 |   0.0
            +---------+---------+-------+---------+---------+-------

Illustrated notes

Table legend:
 A = Kills in this place as a percentage of kills in entire the game.
 B = Kills by you in this place as a percentage of kills by you in the entire game.
 C = Kills by friends in this place as a percentage of kills by friends in the entire game.
 D = Other kills in this place as a percentage of other kills in the entire game.
 E = Experience gained in this place as a percentage of experience gained in the entire game.
 F = Experience gained in this place divided by the number of levels of this place that you have seen.
                   A       B       C       D       E      F
               +-------+-------+-------+-------+-------+----------------------
         Total | 100.0 | 100.0 |   N/A |   N/A | 100.0 |  35.5
       Dungeon | 100.0 | 100.0 |   N/A |   N/A | 100.0 |  35.5
               +-------+-------+-------+-------+-------+----------------------

Table legend: (Time is in decaauts)
 A = Elapsed time spent in this place.
 B = Non-inter-level travel time spent in this place.
 C = Inter-level travel time spent in this place.
 D = Time resting spent in this place.
 E = Time spent auto-exploring this place.
 F = Levels seen in this place.
 G = Mean time per level.
                   A        B        C        D        E       F      G
               +--------+--------+--------+--------+--------+-----+--------+
         Total |   1891 |   1797 |     94 |    273 |   1268 |   2 |  945.5 |
       Dungeon |   1891 |   1797 |     94 |    273 |   1268 |   2 |  945.5 |
               +--------+--------+--------+--------+--------+-----+--------+

Top non-repeatable levels by time:
     D:1: 1296 daAuts
     D:2: 595 daAuts
